 Dungeon Crawl Stone Soup version 0.22.0 (webtiles) character file.

74 Lew the Skirmisher (level 4, -4/41 HPs)
             Began as a Hill Orc Fighter on Aug 11, 2018.
             Killed from afar by Natasha (10 damage)
             ... with a magic dart
             ... on level 2 of the Dungeon.
             The game lasted 00:03:24 (1621 turns).

Lew the Skirmisher (Hill Orc Fighter)               Turns: 1621, Time: 00:03:25

Health: -4/41      AC:  0    Str: 19    XL:     4   Next: 30%
Magic:  4/4        EV: 17    Int:  8    God:
Gold:   94         SH:  0    Dex: 15    Spells: 3/3 levels left

rFire    . . .     SeeInvis .   (weapon currently unavailable)
rCold    . . .     Gourm    .   (shield currently unavailable)
rNeg     . . .     Faith    .   (armour currently unavailable)
rPois    .         Spirit   .   (helmet currently unavailable)
rElec    .         Reflect  .   (cloak currently unavailable)
rCorr    .         Harm     .   (gloves currently unavailable)
MR       .....                  (boots currently unavailable)
Stlth    +.........             (no amulet)
HPRegen  0.13/turn              (ring currently unavailable)
MPRegen  0.09/turn              (ring currently unavailable)

@: bat-form, flying, slowed, quick
A: tiny
a: no special abilities


You were on level 2 of the Dungeon.
You were not hungry.
You were in bat-form.
You visited 1 branch of the dungeon, and saw 2 of its levels.

You collected 94 gold pieces.

Inventory:

Hand Weapons
 a - a +0 war axe (melded)
Armour
 b - a +0 scale mail (melded)
 c - a +1 shield (melded)
Jewellery
 m - a cursed ring of teleportation {unknown}
Scrolls
 e - a scroll of teleportation
 i - 2 scrolls of fear
 j - a scroll of remove curse
Potions
 d - a potion of might
 g - a potion of lignification
 h - a potion of curing
 k - a potion of invisibility {unknown}
 l - 2 potions of heal wounds
 n - a potion of haste {unknown}
 o - a potion of ambrosia {unknown}
 p - a potion of mutation {unknown}
Comestibles
 f - 2 rations


   Skills:
 * Level 4.7 Fighting
 + Level 3.5 Axes
 + Level 3.8 Armour
 + Level 3.8 Shields


You had 3 spell levels left.
You didn't know any spells.
Your spell library was empty.

Dungeon Overview and Level Annotations

Branches:
Dungeon (2/15)

Altars:
Wu Jian

Annotations:
D:2 Natasha


Message History

You hit Natasha.
Natasha is almost dead.
Natasha completely misses you.
You closely miss Natasha.
Natasha is almost dead.
Natasha stares at you and mumbles some strange words.
The magic dart hits you!
You are too injured to fight recklessly!
Natasha casts a spell at you. The magic dart hits you!
* * * LOW HITPOINT WARNING * * *
As you open the door, it creaks loudly!
There is an open door here.
Natasha stares at you and mumbles some strange words.
You feel yourself slow down.
You reach down and close the door.
Natasha opens the door.
Natasha stares at you and mumbles some strange words.
The magic dart hits you!
You die...

#.# ###.....≈≈≈≈≈.≈≈≈≈......#..
#.# #...........≈≈≈≈......#.#
#.# #.....≈≈≈≈............#.#
##.#####.....≈≈≈≈.≈≈≈≈≈...(..._.
#..........+.≈≈≈≈.≈≈≈≈≈......#.#
########...#.≈≈≈≈.≈≈≈≈≈.........
#.....≈≈≈≈.≈≈≈≈≈.........
#................####....
#.......b................
#.......###########......
#.......+)..####.........
##.....h###..............
#......'........##......
#......#.............#.#
#......#.###########.#.#
#......#.#...........#.#
#......#.#.###########.#


You could see Natasha.

Vanquished Creatures
  Natasha (D:2)
  An adder (D:2)
  A worm (D:2)
  2 dart slugs
  2 leopard geckos
  An orc (D:2)
  A ball python (D:1)
  A bat (D:1)
  3 giant cockroaches
  3 goblins (D:1)
  3 hobgoblins (D:1)
  3 kobolds (D:1)
  A quokka (D:2)
  3 frilled lizards (D:1)
  7 rats
33 creatures vanquished.

Notes
Turn   | Place    | Note
-------+----------+-------------------------------------------
     0 | D:1      | Lew the Hill Orc Fighter began the quest for the Orb.
     0 | D:1      | Reached XP level 1. HP: 19/19 MP: 1/1
    77 | D:1      | Reached XP level 2. HP: 19/27 MP: 2/2
   216 | D:1      | Reached skill level 4 in Fighting
   490 | D:1      | Reached XP level 3. HP: 33/33 MP: 3/3
   795 | D:2      | Found an ornate altar of the Wu Jian Council.
  1183 | D:2      | Noticed Natasha
  1192 | D:2      | Killed Natasha
  1192 | D:2      | Reached XP level 4. HP: 17/41 MP: 4/4
  1596 | D:2      | Noticed Natasha
  1621 | D:2      | Killed from afar by Natasha

Skill      XL: |  1  2 |
---------------+-------+-----
Fighting       | 4 |  4.7
Axes           | 3 |  3.5
Armour         | |  3.8
Shields        | |  3.8

Action                   |  1- 3 |  4- 6 || total
-------------------------+-------+-------++-------
Melee: War axe           |    87 |     1 ||    88
       Unarmed           |       |    12 ||    12
  Use: Scroll            |     6 |       ||     6
       Potion            |     3 |       ||     3
  Eat: Ration            |     1 |       ||     1
Armor: Scale mail        |    31 |       ||    31
Dodge: Dodged            |    24 |     4 ||    28
Block: Shield            |    63 |       ||    63
